 Dungeon Crawl Stone Soup version 0.31-a0-875-g02e7d12df6 (webtiles) character file.

Game seed: 11847748166697372420

1927 sircluck the Grappler (level 8, -1/80 HPs)
             Began as a Troll Berserker on Oct 12, 2023.
             Was an Elder of Trog.
             Slain by an orc wizard
             ... wielding a +0 dagger
              (3 damage)
             ... on level 7 of the Dungeon.
             The game lasted 00:09:18 (5241 turns).

sircluck the Grappler (Troll Berserker)             Turns: 5241, Time: 00:09:19

Health: -1/80      AC: -10   Str: 28    XL:     8   Next: 96%
Magic:  7/7        EV: 12    Int:  3    God:    Trog [****..]
Gold:   388        SH:  0    Dex: 15    Spells: 7/7 levels left

rFire   . .          .
                       - Unarmed
rCold   . . .        (no shield)
rNeg    . . .        a - +0 animal skin
rPois   .            (helmet restricted)
rElec   .            b - +0 cloak
rCorr   .            (gloves unavailable)
SInv    .            (boots unavailable)
Will    .....        (no amulet)
Stlth   +            p - +6 ring of dexterity
HPRegen 1.13/turn    n - +4 ring of slaying
MPRegen 0.10/turn

%: no passive effects
@: about to teleport, corroded
A: large, unfitting armour, claws 3, regeneration 1, shaggy fur 1, tough skin 1
a: Renounce Religion, Berserk, Trog's Hand, Brothers in Arms


You were on level 7 of the Dungeon.
You worshipped Trog.
Trog was greatly pleased with you.
You visited 1 branch of the dungeon, and saw 7 of its levels.

You collected 438 gold pieces.
You spent 50 gold pieces at shops.

Inventory:

Armour
 a - a +0 animal skin (worn)
 b - a +0 cloak (worn)
 m - a +0 cloak
 A - a +0 buckler
Jewellery
 g - a ring of flight
 n - a +4 ring of slaying (right claw)
 p - a +6 ring of dexterity (left claw)
Wands
 s - a wand of digging (3)
 x - a wand of mindburst (15)
 z - a wand of polymorph (6)
Scrolls
 e - 2 scrolls of fog
 f - 2 scrolls of poison
 h - a scroll of revelation
 i - a scroll of enchant armour
 j - a scroll of amnesia
 t - 2 scrolls of teleportation
 u - a scroll of silence {unknown}
 v - a scroll of blinking
 y - a scroll of torment {unknown}
Potions
 c - 2 potions of curing {unknown}
 d - a potion of attraction {unknown}
 k - 2 potions of haste {unknown}
 l - a potion of lignification {unknown}
 o - 2 potions of enlightenment {unknown}
 q - a potion of mutation {unknown}
 r - 2 potions of might {unknown}
 w - a potion of brilliance {unknown}


   Skills:
 + Level 5.0 Fighting
 + Level 4.0 Armour
 + Level 5.0 Dodging
 * Level 8.0 Unarmed Combat


You had 7 spell levels left.
You didn't know any spells.
Your spell library was empty.

Dungeon Overview and Level Annotations

Branches:
Dungeon (7/15)             Temple (0/1) D:5

Altars:
Elyvilon
Nemelex Xobeh
Trog
Vehumet
Wu Jian
Yredelemnul

Shops:
D:6 ??[:(


Innate Abilities, Weirdness & Mutations

You are too large for most types of armour.
You have claws for hands.
Your natural rate of healing is unusually fast.
You are covered in fur. (AC +1)
You have tough skin. (AC +1)


Message History

You scratch the jelly but do no damage.
Your claws burn!
The jelly is almost dead.
The jelly hits you.
You are splashed with acid!
* * * LOW HITPOINT WARNING * * *
Unknown command.
You scratch the jelly but do no damage.
Your claws burn!
* * * LOW HITPOINT WARNING * * *
The jelly is almost dead.
Unknown command.
You claw the jelly!
You kill the jelly!
Trog accepts your kill.
Unknown command.
Unknown command.
Unknown command.
The hound attacks as it pursues you! The hound completely misses you.
The hound closely misses you.
You scratch the hound but do no damage. The hound bites you.
* * * LOW HITPOINT WARNING * * *
Unknown command.
The hound bites you.
* * * LOW HITPOINT WARNING * * *
Unknown command.
Unknown command.
Unknown command.
Aiming: Mindburst
Press: ? - help, Q - select action, (/) - cycle Shift-Dir - straight line, f - hound
Aim: a hound (chance to affect: 72%)
The hound struggles to resist.
The hound misses you.
You closely miss the hound. The hound closely misses you. The orc misses you.
As you read the scroll of teleportation, it crumbles to dust.
You feel strangely unstable. The hound bites you.
* * * LOW HITPOINT WARNING * * *
The hound bites you.
* * * LOW HITPOINT WARNING * * *
Unknown command.
The orc wizard attacks as it pursues you!
The orc wizard hits you with a +0 dagger.
You die...

###..##########.#...##
##.# ......#......##
#.+ .....⌠'.......#
#.# ._.._..#.......#
#.# ..... #.......#
#.# ###### #.......#
#.###.$$$# #.......#
.##......##.......#
#....##h@......#
...#8..8#.oo......#
..................#
.......####......##
....... #......#
....... ##.....#
....... #.....#
....... ##...##
....... ##..#


You could see a hound, an orc wizard and an orc.

Vanquished Creatures
  The ghost of Shayle the Insei, an amateur HuSh (D:3)
  Edmund (D:6)
  A black bear (D:5)
  A sky beast (D:6)
  An ogre (D:4)
  A phantom (D:5)
  2 kobold brigands
  3 scorpions
  A bullfrog (D:7)
  2 hounds
  2 jellies
  5 orc priests
  Crazy Yiuf (D:6)
  4 iguanas
  2 sleepcaps
  6 orc wizards
  Terence (D:3)
  Robin (D:2)
  7 gnolls
  4 adders
  A shadow imp (D:5)
  A white imp (D:6)
  3 ufetubi
  3 worms
  5 dart slugs
  18 orcs
  3 bats
  6 endoplasms
  5 giant cockroaches
  13 goblins
  5 hobgoblins
  20 kobolds
  2 quokkas
  3 ball pythons
  6 frilled lizards
  6 rats
147 creatures vanquished.

Notes
Turn   | Place    | Note
-------+----------+-------------------------------------------
     0 | D:1      | sircluck the Troll Berserker began the quest for the Orb.
     0 | D:1      | Reached XP level 1. HP: 22/22 MP: 0/0
   155 | D:1      | Reached XP level 2. HP: 29/29 MP: 1/1
   412 | D:1      | Reached ** piety under Trog
   660 | D:2      | Reached XP level 3. HP: 31/36 MP: 2/2
   835 | D:2      | Found a sparkling altar of Nemelex Xobeh.
   969 | D:2      | Noticed Robin
   987 | D:2      | Killed Robin
  1276 | D:2      | Reached XP level 4. HP: 42/44 MP: 3/3
  1793 | D:3      | Reached skill level 1 in Armour
  1793 | D:3      | Reached skill level 4 in Unarmed Combat
  2009 | D:3      | Reached XP level 5. HP: 53/53 MP: 4/4
  2410 | D:3      | Noticed Terence
  2426 | D:3      | Killed Terence
  2426 | D:3      | Reached *** piety under Trog
  2442 | D:3      | Found a large runed translucent door.
  2442 | D:3      | Found a large runed translucent door.
  2449 | D:3      | Noticed Shayle's ghost (amateur HuSh)
  2566 | D:3      | Killed Shayle's ghost
  2567 | D:3      | Reached skill level 5 in Unarmed Combat
  2567 | D:3      | Reached XP level 6. HP: 61/61 MP: 5/5
  2894 | D:4      | Reached XP level 7. HP: 56/68 MP: 6/6
  3093 | D:4      | Found an ornate altar of the Wu Jian Council.
  3102 | D:4      | Found a bloodstained altar of Trog.
  3145 | D:4      | Found a sparkling altar of Nemelex Xobeh.
  3147 | D:4      | Found a white marble altar of Elyvilon.
  3149 | D:4      | Identified the +6 quarterstaff of Experimentation {protect,
                  | Will+ Int+3}
  3350 | D:5      | Entered Level 5 of the Dungeon
  3358 | D:5      | Found a staircase to the Ecumenical Temple.
  3371 | D:5      | Reached skill level 6 in Unarmed Combat
  3504 | D:5      | Reached XP level 8. HP: 64/78 MP: 7/7
  3729 | D:5      | Reached **** piety under Trog
  3861 | D:5      | Reached skill level 7 in Unarmed Combat
  4142 | D:6      | Found Xetaf's Antique Armour Shop.
  4253 | D:6      | Found Duzepid's Magic Scroll Emporium.
  4404 | D:6      | Noticed Edmund
  4414 | D:6      | Killed Edmund
  4600 | D:6      | Found Moucuol's Book Shop.
  4729 | D:6      | Found Tethona's Magic Scroll Shop.
  4736 | D:6      | Bought a scroll of teleportation for 30 gold pieces
  4736 | D:6      | Bought a scroll of identify for 20 gold pieces
  4754 | D:6      | Found Ungottah's Antique Weapon Emporium.
  4814 | D:6      | Found a runed translucent door.
  4815 | D:6      | Noticed Crazy Yiuf
  5045 | D:6      | Killed Crazy Yiuf
  5129 | D:7      | Reached skill level 5 in Fighting
  5137 | D:7      | Reached skill level 5 in Dodging
  5137 | D:7      | Reached skill level 8 in Unarmed Combat
  5201 | D:7      | Found a radiant altar of Vehumet.
  5201 | D:7      | Found a basalt altar of Yredelemnul.
  5240 | D:7      | HP: 1/80 [hound (4)]
  5241 | D:7      | Slain by an orc wizard

Illustrated notes

Levels and vault maps discovered:
D:1:      kennysheep_arrival_forest, layout_basic, hangedman_decor_push
D:2:      layout_basic, basic_altar, patterned_corridor, uniq_robin
D:3:      layout_basic, ebering_ghost_disaster_area, uniq_terence
D:4:      layout_loops_cross, mainiacjoe_overflow_swirl,
          nicolae_overflow_squiral
D:5:      layout_basic, minmay_temple_entry_trees
D:6:      layout_gridville, serial_shops, nicolae_shop_hallway_plus, shop,
          nicolae_shop_tiny_real_fake_doors, shop, shop, uniq_edmund,
          uniq_crazy_yiuf_cottage
D:7:      layout_cave_pods, jmf_multi_god_temple, nicolae_zig_zag_zippers,
          uniq_menkaure, uniq_duvessa

Skill      XL: |  1  2  3  4  5  6  7  8 |
---------------+-------------------------+-----
Fighting       | 3 4 5 |  5.0
Armour         | 1 2 3 4 |  4.0
Dodging        | 3 4 5 |  5.0
Unarmed Combat | 4 5 6 8 |  8.0

Action                     |  1- 3 |  4- 6 |  7- 9 || total
---------------------------+-------+-------+-------++-------
  Melee: Unarmed           |    81 |   111 |   190 ||   382
         Punch             |       |     2 |    10 ||    12
 Invoke: Berserk           |       |     1 |       ||     1
  Evoke: Wand              |       |       |     1 ||     1
    Use: Scroll            |       |       |     7 ||     7
   Stab: Sleeping          |     1 |       |       ||     1
 Armour: Animal skin       |    52 |    56 |   135 ||   243
  Dodge: Dodged            |    31 |    38 |    79 ||   148

Table legend: (Time is in decaauts)
 A = Elapsed time spent in this place.
 B = Non-inter-level travel time spent in this place.
 C = Inter-level travel time spent in this place.
 D = Time resting spent in this place.
 E = Time spent auto-exploring this place.
 F = Levels seen in this place.
 G = Mean time per level.
                   A        B        C        D        E       F      G
               +--------+--------+--------+--------+--------+-----+--------+
         Total |   5207 |   5009 |    198 |     41 |   4071 |   7 |  743.9 |
       Dungeon |   5207 |   5009 |    198 |     41 |   4071 |   7 |  743.9 |
               +--------+--------+--------+--------+--------+-----+--------+

Top non-repeatable levels by time:
     D:2: 1134 daAuts
     D:6: 1000 daAuts
     D:3: 865 daAuts
     D:5: 739 daAuts
     D:4: 716 daAuts
     D:1: 623 daAuts
     D:7: 127 daAuts
